AoeStats
← Monke

Fortress

509571491Analyzed
4v4 RM · 6d ago on Sep 27, 2026· 32m 52s· 8 players
Game mode
Random Map
Map size
Huge
Population
200
Speed
Normal
Resources
Standard
Victory
Conquest
Starting age
Dark Age
Ending age
Imperial Age
RankedLock teamsTeams togetherTeam positionsShared explorationLock speedFull tech treeHidden civsTurbo modeCheats
Victory
Defeat
🇮🇩 Saxons · Indonesia
1414
+15
🇦🇺 Cumans · Australia
1384
+16
🇦🇷 Mongols · Argentina
1355
+18
🇦🇺 Japanese · Australia
1312
+19
🇩🇪 Georgians · Germany
1462
-20
🇬🇪 Bohemians · Georgia
1399
-17
🇩🇪 Spanish · Germany
1393
-17
🇳🇱 Goths · Netherlands
1315
-14
Pawo
7:18 Feudal Age
11:11 Castle Age
8:59 Double-Bit Axe
9:23 Horse Collar
12:12 Bow Saw
14:22 Town Watch
Burt
8:03 Feudal Age
6:21 Loom
13:01 Castle Age
11:20 Double-Bit Axe
12:06 Scale Mail Armor
11:58 Horse Collar
13:22 Forging
18:57 Chain Mail Armor
20:30 Wheelbarrow
23:03 Iron Casting
orangefaser
8:16 Feudal Age
11:54 Castle Age
9:35 Horse Collar
9:45 Double-Bit Axe
10:55 Gold Mining
10:52 Horse Collar
12:27 Loom
13:56 Bow Saw
16:16 Bloodlines
17:30 Scale Barding Armor
21:51 Forging
26:47 Wheelbarrow
26:55 Chain Barding Armor
27:11 Iron Casting
28:45 Fletching
30:28 Bodkin Arrow
CARRY_BERRY_JDV <3
7:15 Feudal Age
11:04 Castle Age
9:06 Horse Collar
9:45 Double-Bit Axe
10:18 Gold Mining
12:12 Bow Saw
12:33 Heavy Plow
16:59 Wheelbarrow
16:10 Town Watch
16:10 Loom
16:31 Padded Archer Armor
17:28 Leather Archer Armor
22:37 Bloodlines
22:28 Husbandry
+m<ssi
7:45 Feudal Age
11:47 Castle Age
10:53 Double-Bit Axe
10:49 Horse Collar
11:01 Gold Mining
13:02 Bow Saw
14:10 Heavy Plow
15:17 Padded Archer Armor
15:35 Husbandry
18:29 Bloodlines
20:18 Loom
20:35 Town Watch
22:34 Ballistics
22:16 Fletching
24:00 Leather Archer Armor
26:33 Town Patrol
27:11 Wheelbarrow
27:00 Bodkin Arrow
27:17 Thumb Ring
28:49 Gold Shaft Mining
28:05 Stone Mining
30:01 Hand Cart
34:03 Imperial Age
i hate activision
7:36 Feudal Age
11:08 Castle Age
9:17 Double-Bit Axe
9:18 Horse Collar
10:16 Scale Mail Armor
11:48 Forging
16:25 Chain Mail Armor
20:00 Arson
20:15 Squires
20:01 Gambesons
20:50 Heavy Plow
22:00 Bow Saw
21:58 Loom
26:35 Wheelbarrow
31:54 Imperial Age
31:00 Gold Mining
31:02 Stone Mining
32:54 Hand Cart
32:24 Town Watch
32:02 Elite Samurai
34:04 Gold Shaft Mining
I love Activision
3:46 Loom
6:17 Feudal Age
7:04 Double-Bit Axe
16:06 Wheelbarrow
16:23 Horse Collar
23:43 Castle Age
24:39 Bow Saw
23:55 Capped Ram
25:57 Hand Cart
25:29 Town Watch
30:18 Imperial Age
28:32 Gold Mining
29:07 Heavy Plow
31:31 Gold Shaft Mining
32:18 Two-Man Saw
31:49 Crop Rotation
32:09 Coinage
31:56 Siege Ram
33:16 Conscription
Monke
7:42 Feudal Age
11:12 Castle Age
9:15 Double-Bit Axe
9:57 Loom
10:30 Horse Collar
12:07 Bow Saw
13:57 Wheelbarrow
13:53 Town Watch
14:39 Heavy Plow
15:12 Scale Mail Armor
15:13 Fletching
19:40 Bodkin Arrow
27:23 Scale Mail Armor
30:53 Forging
33:17 Hand Cart
Connection lost

Rejoining the realm…

Still unreachable

The connection could not be restored.

Session expired

The server has moved on; the page needs a fresh start.